 Dungeon Crawl Stone Soup version 0.30-a0-715-gdb4ae3ece1 (webtiles) character file.

Game seed: 5540934100289604018

29 sircluck the Trooper (level 3, 0/32 (33) HPs)
             Began as a Hill Orc Fighter on Jan 24, 2023.
             Succumbed to Crazy Yiuf's poison
             ... on level 2 of the Dungeon.
             The game lasted 00:07:35 (1476 turns).

sircluck the Trooper (Hill Orc Fighter)             Turns: 1476, Time: 00:07:36

HP:   0/32 (33)     AC:  6    Str: 20    XL:     3   Next: 16%
MP:   3/3           EV:  9    Int:  8    God:
Gold: 47            SH:  4    Dex: 10    Spells: 2/2 levels left

rFire   . . .      SeeInvis .    a - +0 war axe
rCold   . . .      Faith    .    c - +0 buckler
rNeg    . . .      Spirit   .    b - +0 scale mail
rPois   .          Reflect  .    (no helmet)
rElec   .          Harm     .    (no cloak)
rCorr   .          Rampage  .    (no gloves)
Will    .....                    (no boots) Stlth
                                 (no amulet)
HPRegen 0.25/turn                (no ring)
MPRegen 0.08/turn                (no ring)

@: mighty, lethally poisoned (0 -> -13), lightly drained
A: no striking features
a: no special abilities


You were on level 2 of the Dungeon.
You visited 1 branch of the dungeon, and saw 2 of its levels.

You collected 75 gold pieces.
You spent 28 gold pieces at shops.

Inventory:

Hand Weapons
 a - a +0 war axe (weapon)
 i - a +0 dagger
 n - a +0 short sword
 s - a +0 short sword
Missiles
 m - 5 javelins (quivered)
 o - 10 stones
 u - 4 poisoned darts
Armour
 b - a +0 scale mail (worn)
 c - a +0 buckler (worn)
 g - a +0 leather armour
 r - a +0 leather armour
 t - a +0 robe
Scrolls
 f - 4 scrolls of teleportation {unknown}
 h - a scroll of enchant weapon {unknown}
 j - 2 scrolls of fog {unknown}
 k - a scroll of noise {unknown}
Potions
 e - a potion of mutation {unknown}
 l - a potion of ambrosia {unknown}
 p - 2 potions of degeneration
 q - a potion of brilliance {unknown}


   Skills:
 + Level 4.2 Fighting
 + Level 3.1 Axes
 + Level 3.5 Armour
 + Level 3.7 Shields


You had 2 spell levels left.
You didn't know any spells.
Your spell library contained the following spells:

 Spells                   Type           Power      Damage    Failure   Level
 Magic Dart               Conj           0%         1d3       85%         1
 Searing Ray              Conj           0%         2d4       94%         2
 Fulminant Prism          Conj/Hex       0%         3d5       100%        4


Dungeon Overview and Level Annotations

Branches:
Dungeon (2/15)

Altars:

Shops:
D:1 ::!

Annotations:
D:2 Crazy Yiuf


Message History

The bat closely misses you.
You barely miss the bat. The bat hits you but does no damage.
You closely miss the bat. The bat hits you.
The bat hits you but does no damage.
You miss the bat. You closely miss the frilled lizard.
The bat hits you but does no damage. The frilled lizard barely misses you.
The bat barely misses you.
The frilled lizard bites you but does no damage.
The bat barely misses you.
You hit the bat.
You kill the bat!
You slash the frilled lizard!
You kill the frilled lizard!
You see here a bat corpse.
Found a scroll labelled ADOYSO NOPP.
j - 2 scrolls labelled ADOYSO NOPP (gained 1)
Found a hammer.
Found a runed translucent door.
Crazy Yiuf shouts!
You open the door. You slash Crazy Yiuf!
Crazy Yiuf is severely wounded.
Crazy Yiuf hits you with a +2 quarterstaff of chaos.
Crazy Yiuf hits you but does no damage.
You feel drained.
You hit Crazy Yiuf.
Crazy Yiuf is severely wounded.
Crazy Yiuf barely misses you.
You hit Crazy Yiuf but do no damage.
Crazy Yiuf is severely wounded.
Crazy Yiuf hits you with a +2 quarterstaff of chaos!
Crazy Yiuf burns you.
Crazy Yiuf hits you with a +2 quarterstaff of chaos!
* * * LOW HITPOINT WARNING * * *
You are lethally poisoned!
You hit Crazy Yiuf.
Crazy Yiuf is almost dead.
* * * LOW HITPOINT WARNING * * *
You feel very sick. Crazy Yiuf closely misses you.
You feel very mighty all of a sudden.
You die...

##..#####
#... #....#
#########...
#....#
#...##...†..
#...##
###.##.##.##
##.##
###.##.##.#
#.##
#.........#
##.#
###.##.####
#.##
###.##.#
##@#
#......# #g#
###....####
...
#.).......#
#...#
#...#.###.#
#..)#
#...#.# #
#####
#...#.#
#...#..
#...###
#.#...# #


You could see Crazy Yiuf.

Vanquished Creatures
  3 ball pythons (D:1)
  An endoplasm (D:2)
  2 giant cockroaches
  A goblin (D:1)
  3 hobgoblins (D:1)
  2 jackals (D:1)
  3 kobolds (D:1)
  A quokka (D:1)
  3 bats
  3 frilled lizards
  4 rats (D:1)
26 creatures vanquished.

Vanquished Creatures (others)
  69 plants
69 creatures vanquished.

Grand Total: 95 creatures vanquished

Notes
Turn   | Place    | Note
-------+----------+-------------------------------------------
     0 | D:1      | sircluck the Hill Orc Fighter began the quest for the Orb.
     0 | D:1      | Reached XP level 1. HP: 19/19 MP: 1/1
   305 | D:1      | Found Ihesops's Book Boutique.
   375 | D:1      | Found Luankup's Book Shop.
   478 | D:1      | Found Atenyzou's Distillery.
   485 | D:1      | Reached XP level 2. HP: 24/27 MP: 2/2
   495 | D:1      | Bought 2 potions of degeneration for 28 gold pieces
   511 | D:1      | Reached skill level 4 in Fighting
  1012 | D:1      | Reached XP level 3. HP: 32/33 MP: 3/3
  1467 | D:2      | Found a runed translucent door.
  1468 | D:2      | Noticed Crazy Yiuf
  1476 | D:2      | Succumbed to Crazy Yiuf's poison

Illustrated notes

Levels and vault maps discovered:
D:1:      dpeg_arrival_chambers_temple_mockup, layout_loops_ring, serial_shops,
          shop, shop, shop, serial_bayou_lagoon_a, amcnicky_mini_pool_small,
          chequers_serial_rivers_room_a
D:2:      minmay_wonky_spiral, layout_loops_ring,
          dreamdust_ecumenical_altar_grove, uniq_crazy_yiuf_cottage

Skill      XL: |  1  2  3 |
---------------+----------+-----
Fighting       | 4 |  4.2
Axes           | 3 |  3.1
Armour         | |  3.5
Shields        | |  3.7

Action                     || total
---------------------------++-------
  Melee: War axe           ||   144
    Use: Potion            ||     1
 Armour: Scale mail        ||    57
  Dodge: Dodged            ||    49
  Block: Buckler           ||    24

Table legend: (Time is in decaauts)
 A = Elapsed time spent in this place.
 B = Non-inter-level travel time spent in this place.
 C = Inter-level travel time spent in this place.
 D = Time resting spent in this place.
 E = Time spent auto-exploring this place.
 F = Levels seen in this place.
 G = Mean time per level.
                   A        B        C        D        E       F      G
               +--------+--------+--------+--------+--------+-----+--------+
         Total |   1605 |   1122 |    483 |      0 |      0 |   2 |  802.5 |
       Dungeon |   1605 |   1122 |    483 |      0 |      0 |   2 |  802.5 |
               +--------+--------+--------+--------+--------+-----+--------+

Top non-repeatable levels by time:
     D:1: 1471 daAuts
     D:2: 134 daAuts
